 Dungeon Crawl Stone Soup version 0.30-a0-986-g7f2e898f52 (webtiles) character file.

Game seed: 503649976986616157

1761 heikuro the Shield-Bearer (level 9, -10/69 HPs)
             Began as a Formicid Fighter on Apr 2, 2023.
             Mangled by an orc warrior
             ... wielding a +0 war axe
              (11 damage)
             ... in a bailey.
             The game lasted 00:11:59 (5879 turns).

heikuro the Shield-Bearer (Formicid Fighter)        Turns: 5879, Time: 00:12:00

Health: -10/69     AC: 13    Str: 31    XL:     9   Next: 27%
Magic:  0/9        EV: 15    Int:  8    God:
Gold:   253        SH:  6    Dex: 13    Spells: 8/8 levels left

rFire   . . .      SeeInvis +    a - +1 war axe
rCold   . . .      Faith    .    c - +0 buckler
rNeg    . . .      Spirit   +    L - +3 scale mail {rPois}
rPois   +          Reflect  .    (helmet unavailable)
rElec   .          Rampage  .    e - +0 cloak
rCorr   .                        F - +0 pair of gloves
Will    .....                    (no boots) Stlth
                                 z - amulet of guardian spirit
HPRegen 0.31/turn                k - +6 ring of strength
MPRegen 0.11/turn                t - +5 ring of evasion

@: no status effects
A: permanent stasis, dig shafts and tunnels, antennae 3, four strong arms
a: Dig


You were in a bailey.
You visited 1 branch of the dungeon, and saw 7 of its levels.
You also visited: Bailey.

You collected 253 gold pieces.

Inventory:

Hand Weapons
 a - a +1 war axe (weapon)
 p - a +0 short sword of draining
Missiles
 H - 7 poisoned darts
Armour
 c - a +0 buckler (worn)
 e - a +0 cloak (worn)
 u - a +0 chain mail
 v - a scarf of resistance
 F - a +0 pair of gloves (worn)
 L - a +3 scale mail of poison resistance (worn)
 M - a +2 chain mail of poison resistance
Jewellery
 b - a ring of ice
 k - a +6 ring of strength (left hand)
 t - a +5 ring of evasion (right hand)
 z - an amulet of guardian spirit (around neck)
 C - a ring of poison resistance
 D - a ring of willpower
Wands
 I - a wand of charming (11)
 J - a wand of light (14)
 K - a wand of roots (10)
Scrolls
 d - a scroll of vulnerability {unknown}
 g - 2 scrolls of identify {unknown}
 h - a scroll of summoning
 l - 2 scrolls of fog {unknown}
 m - a scroll of enchant armour {unknown}
 o - 4 scrolls of enchant weapon
 r - a scroll of noise {unknown}
 x - a scroll of magic mapping {unknown}
 y - a scroll of acquirement {unknown}
 A - a scroll of teleportation {unknown}
 E - 2 scrolls of immolation
 G - a scroll of amnesia {unknown}
Potions
 f - a potion of mutation {unknown}
 i - a potion of degeneration {unknown}
 j - 2 potions of lignification {unknown}
 n - a potion of magic {unknown}
 q - 3 potions of curing
 s - 6 potions of flight
 w - 2 potions of resistance {unknown}
 B - a potion of heal wounds {unknown}


   Skills:
 + Level 6.2 Fighting
 * Level 7.1 Axes
 + Level 6.2 Armour
 + Level 7.6 Shields
 + Level 2.9 Evocations


You had 8 spell levels left.
You didn't know any spells.
Your spell library contained the following spells:

 Spells                   Type           Power      Damage    Failure   Level
 Sting                    Tmut/Pois      0%         1d3       69%         1
 Poisonous Vapours        Pois/Air       0%         N/A       83%         2
 Static Discharge         Conj/Air       0%         2-2/arc   83%         2
 Stone Arrow              Conj/Erth      0%         3d7       96%         3
 Vhi's Electric Charge    Tloc/Air       0%         N/A       96%         3
 Animate Armour           Summ/Erth      0%         N/A       100%        4
 Olgreb's Toxic Radiance  Pois           0%         N/A       100%        4
 Arcjolt                  Conj/Air       0%         1d10      100%        5
 Plasma Beam              Fire/Air       0%         2x1d7     100%        5
 Lehudib's Crystal Spear  Conj/Erth      0%         10d2      100%        8


Dungeon Overview and Level Annotations

Branches:
Dungeon (7/15)             Bailey (1/1)
 Temple: D:4-7

Altars:
Hepliaklqana
Nemelex Xobeh
Uskayaw
Xom
Zin

Shops:
D:5 =:!=*

Annotations:
D:5 3 runed translucent doors, Scrimshaw's ghost, novice TeAE


Innate Abilities, Weirdness & Mutations

You cannot be hasted, slowed, berserked, paralysed or teleported.
You can dig through walls and to a lower floor.
You have a pair of large antennae on your head. (SInv)
Your four strong arms can wield two-handed weapons with a shield.


Message History

You hit the orc knight but do no damage.
The orc knight is moderately wounded.
The orc knight hits you with a +0 broad axe!
Okay, then.
You slash the orc knight!
The orc knight is moderately wounded.
You hit the orc warrior.
The orc warrior no longer looks unusually strong.
The orc warrior hits you with a +0 war axe.
* * * LOW HITPOINT WARNING * * *
The orc knight roars a battlecry!
The orc warrior goes into a battle-frenzy!
You closely miss the orc knight.
The orc knight is moderately wounded.
You closely miss the orc warrior. The orc warrior misses you.
The orc knight misses you.
Unknown command.
You slice the orc knight!!
The orc knight is heavily wounded.
You slash the orc warrior!
The orc warrior hits you with a +0 war axe.
* * * LOW HITPOINT WARNING * * *
The orc knight hits you with a +0 broad axe!
* * * LOW HITPOINT WARNING * * *
Press: ? - help, v - describe, . - travel
Here: an orc knight, wielding a +0 broad axe and wearing a +0 ring mail (heavily wounded)
The floor, spattered with blood.
Unknown command.
Okay, then.
You hit the orc knight.
The orc knight is severely wounded.
You barely miss the orc warrior.
The orc warrior hits you with a +0 war axe!
* * * LOW HITPOINT WARNING * * *
The orc knight barely misses you. The orc warrior misses you.
The orc knight hits you with a +0 broad axe.
* * * LOW HITPOINT WARNING * * *
The orc warrior attacks as you move away!
The orc warrior hits you with a +0 war axe!
You die...

#############.#
####.....o........
##.......@o..#
##........(#'##
#.....⌠.().#..#
##.......###).#
###.....#.'..####{####
#####......###..)).{.{...
≈≈≈≈≈≈≈~(....#.)####'####
#≈≈≈≈≈≈≈~≈≈.####.......#
###....~≈≈≈≈≈≈K#.oo!...#K≈≈


You could see an orc knight and an orc warrior (strong).

Vanquished Creatures
  Menkaure (D:4)
  A water moccasin (D:5)
  7 orc warriors (Bailey)
  A black bear (D:6)
  A kobold brigand (D:6)
  Blork the orc (D:4)
  A scorpion (D:6)
  A bullfrog (D:6)
  3 hounds
  A gnoll bouda (D:6)
  A jelly (D:5)
  An iguana (D:4)
  2 sleepcaps
  2 orc wizards (D:4)
  5 gnolls (D:6)
  6 adders
  2 shadow imps
  2 white imps
  3 ufetubi (D:5)
  A worm (D:2)
  10 orcs
  2 bats
  9 endoplasms
  2 giant cockroaches
  7 goblins
  8 hobgoblins
  4 jackals (D:2)
  20 kobolds
  3 quokkas
  9 ball pythons
  2 frilled lizards (D:2)
  A rat (D:1)
120 creatures vanquished.

Notes
Turn   | Place    | Note
-------+----------+-------------------------------------------
     0 | D:1      | heikuro the Formicid Fighter began the quest for the Orb.
     0 | D:1      | Reached XP level 1. HP: 18/18 MP: 1/1
   124 | D:1      | Reached XP level 2. HP: 16/24 MP: 2/2
   690 | D:1      | Reached XP level 3. HP: 29/29 MP: 3/3
  1385 | D:3      | Reached XP level 4. HP: 37/37 MP: 4/4
  1417 | D:3      | Found a shimmering altar of Xom.
  1832 | D:3      | Found a hazy altar of Hepliaklqana.
  2390 | D:4      | Reached XP level 5. HP: 32/42 MP: 5/5
  2399 | D:4      | Reached skill level 5 in Shields
  2643 | D:4      | Noticed Blork the orc
  2657 | D:4      | Killed Blork the orc
  2658 | D:4      | Reached XP level 6. HP: 31/49 MP: 6/6
  3094 | D:4      | Found a hide-covered altar of Uskayaw.
  3217 | D:4      | Noticed Menkaure
  3228 | D:4      | Killed Menkaure
  3229 | D:4      | Reached XP level 7. HP: 22/55 MP: 2/7
  3729 | D:5      | Entered Level 5 of the Dungeon
  3889 | D:5      | Noticed a water moccasin
  3909 | D:5      | Killed a water moccasin
  3910 | D:5      | Reached skill level 5 in Axes
  4064 | D:5      | Reached skill level 5 in Fighting
  4064 | D:5      | Reached skill level 5 in Armour
  4080 | D:5      | Found Fetoklel's Book Emporium.
  4102 | D:5      | Found Cush's Jewellery Emporium.
  4219 | D:5      | Found Rirghupy's Distillery.
  4241 | D:5      | Found Soefozog's Jewellery Emporium.
  4561 | D:5      | Found a runed translucent gate.
  4561 | D:5      | Found a runed translucent gate.
  4561 | D:5      | Found a runed translucent gate.
  4564 | D:5      | Noticed Scrimshaw's ghost (novice TeAE)
  4634 | D:5      | Found Dasij's General Store.
  4776 | D:6      | Reached XP level 8. HP: 59/62 MP: 6/8
  5015 | D:6      | Reached skill level 1 in Evocations
  5325 | D:6      | Found a sparkling altar of Nemelex Xobeh.
  5325 | D:6      | Found a glowing silver altar of Zin.
  5655 | D:7      | Found a flagged portal.
  5664 | Bailey   | Entered a bailey
  5829 | Bailey   | Reached XP level 9. HP: 58/69 MP: 7/9
  5857 | Bailey   | Noticed an orc knight
  5878 | Bailey   | HP: 3/69 [orc warrior/+0 war axe (10)]
  5878 | Bailey   | HP: 1/69 [orc knight/+0 broad axe (2)]
  5879 | Bailey   | Mangled by an orc warrior

Illustrated notes

Levels and vault maps discovered:
D:1:      lordsloth_arrival_two_stooges, layout_basic, serial_bayou,
          serial_bayou_ford_a, serial_bayou_pond_d, serial_bayou_shore_a,
          serial_bayou_lagoon_b
D:2:      layout_basic
D:3:      layout_basic, mainiacjoe_overflow_boulevard,
          worldfamousw_hep_ancestral_shrine, kennysheep_cluttered_room
D:4:      layout_layer_cave, nicolae_uskayaw_suspiria,
          kennysheep_opposing_triangles, uniq_blork_the_orc, uniq_menkaure
D:5:      layout_loops_ring, serial_shops, nicolae_take_the_stairs, shop, shop,
          shop, shop, ebering_ghost_rock_garden
D:6:      layout_loops_ring, amethyst_overflow_temple_binary
D:7:      minmay_the_grid_triangle_9x9_rhombus_full
          [minmay_the_grid_triangle_9x9_windchime,
          minmay_the_grid_triangle_9x9_descending_squares,
          minmay_the_grid_triangle_9x9_subtriangle,
          minmay_the_grid_triangle_9x9_skeleton,
          minmay_the_grid_triangle_9x9_zippers_horizontal,
          minmay_the_grid_triangle_9x9_corrupted_corridor,
          minmay_the_grid_triangle_9x9_flanged_cone,
          minmay_the_grid_triangle_9x9_prize_schism], layout_gridville,
          minmay_temple_entry_fiery, enter_bailey_8
Bailey:   bailey_axe_4, bailey

Skill      XL: |  1  2  3  4  5  6  7  8  9 |
---------------+----------------------------+-----
Axes           | 3 4 5 6 7 |  7.1
Fighting       | 4 5 6 |  6.2
Armour         | 4 5 6 |  6.2
Shields        | 5 6 7 |  7.6
Evocations     | 2 |  2.9

Action                     |  1- 3 |  4- 6 |  7- 9 || total
---------------------------+-------+-------+-------++-------
  Melee: War axe           |    92 |   106 |   193 ||   391
Ability: Dig               |     2 |       |       ||     2
  Evoke: Wand              |       |       |     1 ||     1
    Use: Potion            |       |     1 |       ||     1
         Scroll            |       |     2 |     1 ||     3
 Armour: Scale mail        |    39 |    16 |     4 ||    59
         Chain mail        |       |    30 |    76 ||   106
  Dodge: Dodged            |    44 |    50 |   150 ||   244
  Block: Buckler           |    24 |    24 |    66 ||   114

Table legend: (Time is in decaauts)
 A = Elapsed time spent in this place.
 B = Non-inter-level travel time spent in this place.
 C = Inter-level travel time spent in this place.
 D = Time resting spent in this place.
 E = Time spent auto-exploring this place.
 F = Levels seen in this place.
 G = Mean time per level.
                   A        B        C        D        E       F      G
               +--------+--------+--------+--------+--------+-----+--------+
         Total |   6050 |   5627 |    423 |    488 |   3583 |   8 |  756.2 |
       Dungeon |   5819 |   5396 |    423 |    455 |   3575 |   7 |  831.3 |
        Bailey |    230 |    230 |      0 |     33 |      8 |   1 |  230.0 |
               +--------+--------+--------+--------+--------+-----+--------+

Top non-repeatable levels by time:
     D:4: 1476 daAuts
     D:5: 1009 daAuts
     D:3: 1009 daAuts
     D:6: 876 daAuts
     D:1: 835 daAuts
     D:2: 580 daAuts
  Bailey: 230 daAuts
     D:7: 31 daAuts
